 Dungeon Crawl Stone Soup version 0.31.0-12-g77e489cdc1 (webtiles) character file.

Game seed: 833220067713550042

11 Silvore the Trooper (level 2, 0/24 HPs)
             Began as a Demonspawn Fighter on Feb 15, 2024.
             Slain by Terence
             ... wielding a +0 falchion
              (7 damage)
             ... on level 2 of the Dungeon.
             The game lasted 00:00:53 (924 turns).

Silvore the Trooper (Demonspawn Fighter)             Turns: 924, Time: 00:00:53

Health: 0/24       AC: 12    Str: 16    XL:     2   Next: 13%
Magic:  2/2        EV:  8    Int:  8    God:
Gold:   55         SH:  4    Dex: 12    Spells: 1/1 levels left

rFire   . . .        a - +0 long sword
rCold   . . .        c - +0 buckler
rNeg    . . .        b - +0 scale mail
rPois   .            (no helmet)
rElec   .            (no cloak)
rCorr   .            (no gloves)
SInv    .            (no boots)
Will    .....        (no amulet) Stlth
                     (no ring)
HPRegen 0.24/turn    (no ring)
MPRegen 0.08/turn

%: no passive effects
@: sanguine armoured
A: sanguine armour 1
a: no special abilities


You were on level 2 of the Dungeon.
You visited 1 branch of the dungeon, and saw 2 of its levels.

You collected 55 gold pieces.

Inventory:

Hand Weapons
 a - a +0 long sword (weapon)
Armour
 b - a +0 scale mail (worn)
 c - a +0 buckler (worn)
Scrolls
 f - a scroll of amnesia
Potions
 d - a potion of might
 e - a potion of heal wounds {unknown}
 g - 2 potions of attraction {unknown}


   Skills:
 + Level 3.1 Fighting
 + Level 1.9 Long Blades
 + Level 2.9 Armour
 + Level 2.9 Shields


You had one spell level left.
You didn't know any spells.
Your spell library contained the following spells:

 Spells                   Type           Power      Damage    Failure   Level
 Shock                    Conj/Air       0%         1d3       90%         1
 Swiftness                Air            0%         N/A       99%         3
 Airstrike                Air            0%         2d(0-16)  100%        4
 Animate Armour           Summ/Erth      0%         N/A       100%        4
 Summon Mana Viper        Hex/Summ       0%         N/A       100%        5
 Bombard                  Conj/Erth      0%         9d1       100%        6


Dungeon Overview and Level Annotations

Branches:
Dungeon (2/15)

Altars:
Vehumet

Shops:
D:1 :

Annotations:
D:2 Terence


Innate Abilities, Weirdness & Mutations

When seriously injured, your blood forms armour. (AC +6)


Message History

You hit Terence but do no damage. Terence barely misses you.
The ball python bites you.
Your blood congeals into armour.
The ball python constricts you.
Terence says, "Rest in peace."
Terence barely misses you.
The ball python bites you but does no damage.
The ball python constricts you.
You escape the ball python's grasp.
Terence attacks as he pursues you! Terence hits you but does no damage.
Your blood armour dries and flakes away.
There is an open door here.
Terence attacks as he pursues you! Terence hits you with a +0 falchion.
Your blood congeals into armour.
You barely miss Terence. Terence hits you but does no damage.
You barely miss Terence. You block Terence's attack.
You hit Terence.
Terence is moderately wounded.
You block Terence's attack.
You hit Terence but do no damage.
Terence is moderately wounded.
Terence hits you with a +0 falchion. Terence hits you but does no damage.
You closely miss Terence.
Terence is lightly wounded.
Terence misses you.
You hit Terence.
Terence is moderately wounded.
Terence hits you with a +0 falchion.
You slash Terence!
Terence is severely wounded.
Terence hits you with a +0 falchion.
* * * LOW HITPOINT WARNING * * *
You block Terence's attack.
You hit Terence.
Terence is almost dead.
Terence hits you but does no damage.
You closely miss Terence.
Terence is almost dead.
Terence hits you but does no damage. Terence hits you with a +0 falchion!
You die...
Terence says, "That felt goooood."

.. #.# .# ##+## #.# .#
##..[## #.# .#
##.....###.# .#
##.......##.###.## #
#.........#.##...#?###
+........@@S..........
#.<....(..#.....$..#
##....<..####.#>####
##.....## #.#..$
##...## #.###.# ##+##
#.# .# #.# # #.. ###


You could see Terence and a ball python.

Vanquished Creatures
  2 endoplasms (D:1)
  2 giant cockroaches (D:1)
  A hobgoblin (D:1)
  3 ball pythons (D:1)
  A frilled lizard (D:1)
  A rat (D:1)
10 creatures vanquished.

Notes
Turn   | Place    | Note
-------+----------+-------------------------------------------
     0 | D:1      | Silvore the Demonspawn Fighter began the quest for the Orb.
     0 | D:1      | Reached XP level 1. HP: 18/18 MP: 1/1
   171 | D:1      | Got the Treatise on Guile and Tephra
   534 | D:1      | Gained mutation: When seriously injured, your blood forms
                  | armour. (AC +6) [demonic ancestry]
   534 | D:1      | Reached XP level 2. HP: 24/24 MP: 2/2
   540 | D:1      | Found a faded altar of an unknown god.
   582 | D:1      | Prayed at the altar of an unknown god.
   582 | D:1      | Became a worshipper of Vehumet
   582 | D:1      | Reached * piety under Vehumet
   582 | D:1      | Offered knowledge of Foxfire by Vehumet.
   583 | D:1      | Fell from the grace of Vehumet
   676 | D:1      | Found Xauq's Vocational Training.
   904 | D:2      | Noticed Terence
   924 | D:2      | Slain by Terence

Illustrated notes

Levels and vault maps discovered:
D:1:      dpeg_arrival_three_same_balls, layout_basic, basic_ecumenical_altar,
          serial_co_window_serial, co_window_corner_a, co_window_paths_b,
          co_window_of_opportunity_a, co_window_corner_a, co_window_paths_a,
          co_window_cross_4, co_window_corner_ca, co_window_broadway_c,
          co_window_of_opportunity_c, co_window_4corner_b, glass_columns_a,
          glass_columns_c, glass_columns_b, glass_columns_b, glass_columns_c,
          nicolae_shop_vocational
D:2:      layout_loops_corners, serial_shops, shop_statue,
          corexii_leaking_fountain, minmay_tetromino_o2, uniq_terence

Action                     || total
---------------------------++-------
  Melee: Long sword        ||    30
 Invoke: Renounce Religion ||     1
    Use: Scroll            ||     2
 Armour: Scale mail        ||    27
  Dodge: Dodged            ||     9
  Block: Buckler           ||    10
